| TOP OF THE 1ST |
|
Chicago White Sox batting - Pitching for Chicago Cubs : RHP Chris Ishii
|
|
Pitching: RHP Chris Ishii
|
|
|
Batting: SHB Dan Lash
|
0-0: Foul Ball, location: 2F 0-1: Ball 1-1: Foul Ball, location: 2F 1-2: SINGLE (Line Drive, 78S, EV 95.6 MPH)
|
|
Batting: LHB Antonio Figueroa
|
0-0: Ball 1-0: Foul Ball, location: 2F 1-1: Ball 2-1: Foul Ball, location: 2F 2-2: Ball 3-2: Fly out, F7 (Flyball, 7D, EV 101.2 MPH)
|
|
Batting: LHB Randy Rosenberry
|
0-0: Fielders Choice at 2nd, 5-4 (Groundball, 56, EV 78.1 MPH)
|
|
Batting: SHB Cesar Herrera
|
0-0: Called Strike 0-1: Ball 1-1: Foul Ball, location: 2F 1-2: Ball 2-2: Ball 3-2: Foul Ball, location: 2F 3-2: Strikes out swinging
|
| Top of the 1st over - 0 runs, 1 hit, 0 errors, 1 left on base; Chicago 0 - Chicago 0 |
| BOTTOM OF THE 1ST |
|
Chicago Cubs batting - Pitching for Chicago White Sox : RHP Kevin Woods
|
|
Pitching: RHP Kevin Woods
|
|
|
Batting: RHB Yasuhide Kasahara
|
0-0: Called Strike 0-1: Fly out, F8 (Flyball, 8LD, EV 90.0 MPH)
|
|
Batting: RHB Elijah Campbell
|
0-0: Ball 1-0: TRIPLE (Line Drive, 9D, EV 100.0 MPH)
|
|
Batting: RHB Efrain Vargas
|
0-0: Foul Ball, location: 2F 0-1: Swinging Strike 0-2: Foul Ball, location: 2F 0-2: Ball 1-2: Fly out, F8 (Flyball, 8RD, EV 83.1 MPH) Runner from 3rd tags up, OUT at HOME! 8-2
|
| Bottom of the 1st over - 0 runs, 1 hit, 0 errors, 0 left on base; Chicago 0 - Chicago 0 |
| TOP OF THE 2ND |
|
Chicago White Sox batting - Pitching for Chicago Cubs : RHP Chris Ishii
|
|
Batting: LHB Jack Christie
|
0-0: Ball 1-0: Ball 2-0: Ball 3-0: Called Strike 3-1: Foul Ball, location: 2F 3-2: Fly out, F8 (Flyball, 8RM, EV 83.1 MPH)
|
|
Batting: RHB Hiroshige Yamada
|
0-0: Called Strike 0-1: DOUBLE (Groundball, 5D, EV 110.0 MPH)
|
|
Batting: LHB Brian Feher
|
0-0: Ball 1-0: Foul Ball, location: 2F 1-1: Ground out 6-3 (Groundball, 6, EV 102.5 MPH)
|
|
Batting: RHB Rocky Campbell
|
0-0: Foul Ball, location: 2F 0-1: Ball 1-1: Ball 2-1: Ball 3-1: Ground out 1-3 (Groundball, 34S, EV 70.6 MPH)
|
| Top of the 2nd over - 0 runs, 1 hit, 0 errors, 1 left on base; Chicago 0 - Chicago 0 |
| BOTTOM OF THE 2ND |
|
Chicago Cubs batting - Pitching for Chicago White Sox : RHP Kevin Woods
|
|
Batting: SHB Terry Tuckfard
|
0-0: Ball 1-0: Ball 2-0: Called Strike 2-1: Fly out, F8 (Flyball, 8RS, EV 85.6 MPH)
|
|
Batting: RHB Will Leslie
|
0-0: Called Strike 0-1: Ball 1-1: Ball 2-1: Foul Ball, location: 2F 2-2: Foul Ball, location: 2F 2-2: Hit by Pitch
|
|
Batting: SHB Tim Hone
|
0-0: Called Strike 0-1: Called Strike 0-2: Ball 1-2: Foul Ball, location: 2F 1-2: Fielders Choice at 2nd, 3-6 (Groundball, 34S, EV 84.4 MPH)
|
|
Batting: RHB Adam O'Hare
|
0-0: Ball 1-0: 2-RUN HOME RUN (Flyball, 9D, EV 96.2 MPH), Distance : 381 ft
|
|
Batting: RHB Jamie Ogilvie
|
0-0: Ball 1-0: Foul Ball, location: 2F 1-1: Ball 2-1: Foul Ball, location: 2F 2-2: Strikes out swinging
|
| Bottom of the 2nd over - 2 runs, 1 hit, 0 errors, 0 left on base; Chicago 0 - Chicago 2 |
| TOP OF THE 3RD |
|
Chicago White Sox batting - Pitching for Chicago Cubs : RHP Chris Ishii
|
|
Batting: LHB Juan Concepcion
|
0-0: Ball 1-0: TRIPLE (Line Drive, 89XD, EV 108.1 MPH)
|
|
Batting: SHB Dan Lash
|
0-0: Called Strike 0-1: Ball 1-1: Ball 2-1: Swinging Strike 2-2: Ground out 4-3 (Groundball, 4M, EV 86.2 MPH) Juan Concepcion scores
|
|
Batting: LHB Antonio Figueroa
|
0-0: Ball 1-0: SINGLE (Line Drive, 8RS, EV 111.9 MPH)
|
|
Batting: LHB Randy Rosenberry
|
0-0: Ball 1-0: Called Strike 1-1: Ball 2-1: Called Strike Antonio Figueroa steals 2nd base 2-2: Ground out 6-3 (Groundball, 6S, EV 77.5 MPH) Antonio Figueroa to third
|
|
Batting: SHB Cesar Herrera
|
0-0: Ball 1-0: Ball 2-0: Ball 3-0: Base on Balls
|
|
Batting: LHB Jack Christie
|
0-0: Ball 1-0: Foul Ball, location: 2F 1-1: Ball 2-1: Ground out 1-3 (Groundball, P, EV 66.2 MPH)
|
| Top of the 3rd over - 1 run, 2 hits, 0 errors, 2 left on base; Chicago 1 - Chicago 2 |
| BOTTOM OF THE 3RD |
|
Chicago Cubs batting - Pitching for Chicago White Sox : RHP Kevin Woods
|
|
Batting: RHB Andy Wasierski
|
0-0: Swinging Strike 0-1: Ball 1-1: Called Strike 1-2: Strikes out swinging
|
|
Batting: RHB Yasuhide Kasahara
|
0-0: Ball 1-0: Ball 2-0: Called Strike 2-1: Foul Ball, location: 2F 2-2: Ball 3-2: Ground out 6-3 (Groundball, 6, EV 77.5 MPH)
|
|
Batting: RHB Elijah Campbell
|
0-0: Called Strike 0-1: Called Strike 0-2: Ball 1-2: Fly out, F7 (Flyball, 7LM, EV 81.2 MPH)
|
| Bottom of the 3rd over - 0 runs, 0 hits, 0 errors, 0 left on base; Chicago 1 - Chicago 2 |
| TOP OF THE 4TH |
|
Chicago White Sox batting - Pitching for Chicago Cubs : RHP Chris Ishii
|
|
Batting: RHB Hiroshige Yamada
|
0-0: Ball 1-0: Foul Ball, location: 2F 1-1: Foul Ball, location: 2F 1-2: Foul Ball, location: 2F 1-2: Fly out, F8 (Flyball, 78D, EV 108.8 MPH)
|
|
Batting: LHB Brian Feher
|
0-0: Ball 1-0: Ball 2-0: Called Strike 2-1: Foul Ball, location: 2F 2-2: Ball 3-2: SINGLE (Groundball, 34D, EV 96.9 MPH)
|
|
Batting: RHB Rocky Campbell
|
0-0: Ball 1-0: Swinging Strike 1-1: Ball 2-1: Ball Wild Pitch! Brian Feher to second 3-1: Called Strike 3-2: DOUBLE (Flyball, 9LD, EV 100.0 MPH) Brian Feher scores
|
|
Batting: LHB Juan Concepcion
|
0-0: Called Strike 0-1: Ball 1-1: Swinging Strike 1-2: Foul Ball, location: 2F 1-2: Foul Ball, location: 2F 1-2: SINGLE (Line Drive, 9S, EV 102.5 MPH) Rocky Campbell to third
|
|
Batting: SHB Dan Lash
|
0-0: Called Strike 0-1: Grounds into double play, 4-6-3 (Groundball, 4, EV 87.5 MPH)
|
| Top of the 4th over - 1 run, 3 hits, 0 errors, 1 left on base; Chicago 2 - Chicago 2 |
| BOTTOM OF THE 4TH |
|
Chicago Cubs batting - Pitching for Chicago White Sox : RHP Kevin Woods
|
|
Batting: RHB Efrain Vargas
|
0-0: SINGLE (Groundball, 6MD, EV 98.1 MPH)
|
|
Batting: SHB Terry Tuckfard
|
0-0: Ball 1-0: Ball 2-0: Foul Ball, location: 2F 2-1: Called Strike 2-2: Fielders Choice at 2nd, 2-4 (Groundball, 2L, EV 65.6 MPH)
|
|
Batting: RHB Will Leslie
|
0-0: Ball 1-0: Ball 2-0: Ball 3-0: Called Strike 3-1: Called Strike 3-2: Foul Ball, location: 2F 3-2: Foul Ball, location: 2F 3-2: Grounds into double play, 6-4-3 (Groundball, 6, EV 85.0 MPH)
|
| Bottom of the 4th over - 0 runs, 1 hit, 0 errors, 0 left on base; Chicago 2 - Chicago 2 |
| TOP OF THE 5TH |
|
Chicago White Sox batting - Pitching for Chicago Cubs : RHP Chris Ishii
|
|
Batting: LHB Antonio Figueroa
|
0-0: Ball 1-0: Ball 2-0: Ball 3-0: Called Strike 3-1: Swinging Strike 3-2: Strikes out swinging
|
|
Batting: LHB Randy Rosenberry
|
0-0: SOLO HOME RUN (Flyball, 7LD, EV 94.4 MPH), Distance : 377 ft
|
|
Batting: SHB Cesar Herrera
|
0-0: Foul Ball, location: 2F 0-1: Ball 1-1: Ball 2-1: Ground out 1-3 (Groundball, 15S, EV 67.5 MPH)
|
|
Batting: LHB Jack Christie
|
0-0: Fly out, F7 (Flyball, 78S, EV 95.6 MPH)
|
| Top of the 5th over - 1 run, 1 hit, 0 errors, 0 left on base; Chicago 3 - Chicago 2 |
| BOTTOM OF THE 5TH |
|
Chicago Cubs batting - Pitching for Chicago White Sox : RHP Kevin Woods
|
|
Batting: SHB Tim Hone
|
0-0: Ball 1-0: Ball 2-0: Called Strike 2-1: Ball 3-1: Base on Balls
|
|
Batting: RHB Adam O'Hare
|
0-0: Ball 1-0: Grounds into double play, 5-4-3 (Groundball, 56, EV 90.6 MPH)
|
|
Batting: RHB Jamie Ogilvie
|
0-0: Called Strike 0-1: Swinging Strike 0-2: Strikes out swinging
|
| Bottom of the 5th over - 0 runs, 0 hits, 0 errors, 0 left on base; Chicago 3 - Chicago 2 |
| TOP OF THE 6TH |
|
Chicago White Sox batting - Pitching for Chicago Cubs : RHP Chris Ishii
|
|
Pitching: LHP Jay Turpin
|
|
|
Batting: RHB Hiroshige Yamada
|
0-0: Ball 1-0: Ball 2-0: Called Strike 2-1: Swinging Strike 2-2: Ball 3-2: Foul Ball, location: 2F 3-2: Foul Ball, location: 2F 3-2: Ground out 6-3 (Groundball, 6, EV 86.2 MPH)
|
|
Batting: LHB Brian Feher
|
0-0: Fly out, F7 (Flyball, 7LS, EV 91.2 MPH)
|
|
Batting: RHB Rocky Campbell
|
0-0: Ball 1-0: Foul Ball, location: 2F 1-1: SINGLE (Flyball, 8LS, EV 90.0 MPH)
|
|
Batting: LHB Juan Concepcion
|
0-0: Ball Rocky Campbell is caught stealing 2nd base 2-6
|
| Top of the 6th over - 0 runs, 1 hit, 0 errors, 0 left on base; Chicago 3 - Chicago 2 |
| BOTTOM OF THE 6TH |
|
Chicago Cubs batting - Pitching for Chicago White Sox : RHP Kevin Woods
|
|
Batting: RHB Andy Wasierski
|
0-0: Ground out 4-3 (Groundball, 34, EV 90.6 MPH)
|
|
Batting: RHB Yasuhide Kasahara
|
0-0: Ball 1-0: Called Strike 1-1: Ball 2-1: Ball 3-1: Base on Balls
|
|
Batting: RHB Elijah Campbell
|
0-0: Ball Yasuhide Kasahara steals 2nd base 1-0: Ball 2-0: Called Strike 2-1: Foul Ball, location: 2F 2-2: Strikes out swinging
|
|
Pitching: RHP Gerbrand van de Bilt
|
|
|
Batting: RHB Efrain Vargas
|
0-0: Ball 1-0: Foul Ball, location: 2F 1-1: Ball 2-1: Ball 3-1: Base on Balls
|
|
Batting: SHB Terry Tuckfard
|
0-0: Called Strike 0-1: Ball 1-1: Swinging Strike 1-2: Foul Ball, location: 2F 1-2: Foul Ball, location: 2F 1-2: Ball 2-2: Ground out 1-3 (Groundball, 25, EV 65.6 MPH)
|
| Bottom of the 6th over - 0 runs, 0 hits, 0 errors, 2 left on base; Chicago 3 - Chicago 2 |
| TOP OF THE 7TH |
|
Chicago White Sox batting - Pitching for Chicago Cubs : LHP Jay Turpin
|
|
Batting: LHB Juan Concepcion
|
0-0: Called Strike 0-1: Foul Ball, location: 2F 0-2: Ball 1-2: Ball 2-2: Strikes out swinging
|
|
Batting: SHB Dan Lash
|
0-0: Foul Ball, location: 2F 0-1: Swinging Strike 0-2: Foul Ball, location: 2F 0-2: Reached on error, E6 (Groundball, 6, EV 84.4 MPH)
|
|
Batting: LHB Antonio Figueroa
|
0-0: Ball 1-0: Ball 2-0: Ball 3-0: Base on Balls Dan Lash to second
|
|
Batting: LHB Randy Rosenberry
|
0-0: Called Strike 0-1: Swinging Strike 0-2: Ball 1-2: Strikes out swinging
|
|
Batting: SHB Cesar Herrera
|
0-0: Ball 1-0: Ball 2-0: Ball 3-0: Called Strike 3-1: Called Strike 3-2: Foul Ball, location: 2F 3-2: SINGLE (Line Drive, 9LS, EV 103.1 MPH) Dan Lash to third Antonio Figueroa to second Dan Lash scores Antonio Figueroa to third
|
|
Batting: LHB Jack Christie
|
0-0: Foul Ball, location: 2F 0-1: Ball 1-1: Foul Ball, location: 2F 1-2: Ball 2-2: Fly out, F7 (Flyball, 78M, EV 91.9 MPH)
|
| Top of the 7th over - 1 run, 1 hit, 1 error, 2 left on base; Chicago 4 - Chicago 2 |
| BOTTOM OF THE 7TH |
|
Chicago Cubs batting - Pitching for Chicago White Sox : RHP Gerbrand van de Bilt
|
|
Batting: RHB Will Leslie
|
0-0: Ball 1-0: SOLO HOME RUN (Flyball, 78XD, EV 98.1 MPH), Distance : 391 ft
|
|
Batting: SHB Tim Hone
|
0-0: Ball 1-0: Foul Ball, location: 2F 1-1: Ball 2-1: Ground out 4-3 (Groundball, 4, EV 90.6 MPH)
|
|
Batting: RHB Adam O'Hare
|
0-0: Ball 1-0: Ground out 5-3 (Groundball, 5, EV 81.9 MPH)
|
|
Batting: RHB Jamie Ogilvie
|
0-0: Ball 1-0: Ball 2-0: Called Strike 2-1: Called Strike 2-2: Ball 3-2: Ground out 6-3 (Groundball, 6S, EV 89.4 MPH)
|
| Bottom of the 7th over - 1 run, 1 hit, 0 errors, 0 left on base; Chicago 4 - Chicago 3 |
| TOP OF THE 8TH |
|
Chicago White Sox batting - Pitching for Chicago Cubs : LHP Jay Turpin
|
|
Pitching: RHP Eric Oakes
|
|
|
Batting: RHB Hiroshige Yamada
|
0-0: Foul Ball, location: 2F 0-1: Foul Ball, location: 2F 0-2: Ground out 6-3 (Groundball, 6, EV 82.5 MPH)
|
|
Batting: LHB Brian Feher
|
0-0: SINGLE (Flyball, 8LS, EV 95.6 MPH)
|
|
Batting: RHB Rocky Campbell
|
0-0: Called Strike 0-1: Ball 1-1: Ground out 5-3 (Groundball, 5S, EV 88.1 MPH) Brian Feher to second
|
|
Batting: LHB Juan Concepcion
|
0-0: Foul Ball, location: 2F 0-1: Ball 1-1: Ground out 4-3 (Groundball, 4, EV 81.9 MPH)
|
| Top of the 8th over - 0 runs, 1 hit, 0 errors, 1 left on base; Chicago 4 - Chicago 3 |
| BOTTOM OF THE 8TH |
|
Chicago Cubs batting - Pitching for Chicago White Sox : RHP Gerbrand van de Bilt
|
|
Pitching: RHP Adam Ratcliff
|
|
|
Now at 1B: Dan Lash
|
|
|
Now at 2B: Steve Castleberry
|
|
|
Now in LF: Jason Moss
|
|
|
Pinch Hitting: LHB Kevin Norton
|
0-0: Ball 1-0: SINGLE (Groundball, 34D, EV 103.8 MPH)
|
|
Batting: RHB Yasuhide Kasahara
|
0-0: Ball 1-0: Foul Ball, location: 2F 1-1: Called Strike 1-2: Strikes out swinging
|
|
Batting: RHB Elijah Campbell
|
0-0: Fielders Choice at 2nd, 5-4 (Groundball, 56, EV 100.6 MPH)
|
|
Batting: RHB Efrain Vargas
|
0-0: Ball 1-0: Foul Ball, location: 2F 1-1: Called Strike 1-2: Strikes out swinging
|
| Bottom of the 8th over - 0 runs, 1 hit, 0 errors, 1 left on base; Chicago 4 - Chicago 3 |
| TOP OF THE 9TH |
|
Chicago White Sox batting - Pitching for Chicago Cubs : RHP Eric Oakes
|
|
Now in CF: Kevin Norton
|
|
|
Now in RF: Tim Hone
|
|
|
Batting: SHB Dan Lash
|
0-0: Ball 1-0: Foul Ball, location: 2F 1-1: Swinging Strike 1-2: Ball 2-2: Ground out 4-3 (Groundball, 4, EV 103.1 MPH)
|
|
Batting: LHB Antonio Figueroa
|
0-0: Called Strike 0-1: Ball 1-1: Foul Ball, location: 2F 1-2: Ground out 6-3 (Groundball, 6, EV 85.6 MPH)
|
|
Batting: LHB Randy Rosenberry
|
0-0: Called Strike 0-1: Swinging Strike 0-2: Strikes out swinging
|
| Top of the 9th over - 0 runs, 0 hits, 0 errors, 0 left on base; Chicago 4 - Chicago 3 |
| BOTTOM OF THE 9TH |
|
Chicago Cubs batting - Pitching for Chicago White Sox : RHP Adam Ratcliff
|
|
Now at 1B: Leo Navarro
|
|
|
Now at 2B: Dan Lash
|
|
|
Now in RF: Steve Castleberry
|
|
|
Batting: SHB Terry Tuckfard
|
0-0: SINGLE (Groundball, 4M, EV 95.0 MPH) (infield hit)
|
|
Batting: RHB Will Leslie
|
0-0: Ball 1-0: Ball 2-0: Called Strike 2-1: Foul Ball, location: 2F 2-2: Strikes out looking
|
|
Batting: SHB Tim Hone
|
0-0: SINGLE (Flyball, 78S, EV 93.8 MPH) Terry Tuckfard to second
|
|
Batting: RHB Adam O'Hare
|
0-0: Called Strike 0-1: Foul Ball, location: 2F 0-2: Foul Ball, location: 2F 0-2: Ball 1-2: Strikes out looking
|
|
Batting: RHB Jamie Ogilvie
|
0-0: Foul Ball, location: 2F 0-1: Ball 1-1: Called Strike 1-2: Ball 2-2: Strikes out swinging
|
| Bottom of the 9th over - 0 runs, 2 hits, 0 errors, 2 left on base; Chicago 4 - Chicago 3 |
|